 Dungeon Crawl Stone Soup version 0.23-a0-57-gd13e5294dc (webtiles) character file.

129 Roikka the Grave Robber (level 5, 0/36 HPs)
             Began as a Human Necromancer on Aug 9, 2018.
             Succumbed to a killer bee's poison
             ... on level 3 of the Dungeon.
             The game lasted 00:12:57 (3320 turns).

Roikka the Grave Robber (Human Necromancer)         Turns: 3320, Time: 00:12:58

Health: 0/36       AC:  3    Str: 10    XL:     5   Next: 35%
Magic:  8/9        EV: 13    Int: 15    God:
Gold:   171        SH:  0    Dex: 13    Spells: 1/9 levels left

rFire    . . .     SeeInvis .   k - +0 long sword
rCold    . . .     Gourm    .   (no shield)
rNeg     . . .     Faith    .   a - +0 robe
rPois    .         Spirit   .   (no helmet)
rElec    .         Reflect  .   (no cloak)
rCorr    .         Harm     .   (no gloves)
MR       .....                  l - +0 pair of boots
Stlth    ++........             (no amulet)
HPRegen  0.12/turn              (no ring)
MPRegen  0.11/turn              (no ring)

@: lethally poisoned (0 -> -7)
A: no striking features
a: no special abilities


You were on level 3 of the Dungeon.
You were hungry.

You visited 1 branch of the dungeon, and saw 4 of its levels.

You collected 171 gold pieces.

Inventory:

Hand Weapons
 k - a +0 long sword (weapon)
Armour
 a - a +0 robe (worn)
 d - a +0 leather armour
 l - a +0 pair of boots (worn)
Jewellery
 b - an uncursed ring of positive energy {unknown}
 o - a cursed ring of teleportation {unknown}
Scrolls
 f - a scroll of amnesia
 j - a scroll of identify
Potions
 g - a potion of heal wounds
 h - a potion of flight {unknown}
 i - 4 potions of curing
Comestibles
 c - 5 rations


   Skills:
 + Level 0.4 Fighting
 + Level 3.0 Dodging
 - Level 2.0 Stealth
 + Level 2.8 Spellcasting
 * Level 5.2 Necromancy


You had one spell level left.
You knew the following spells:

 Your Spells              Type           Power        Failure   Level  Hunger
a - Pain                  Necr           ###.         2%          1    #......
b - Vampiric Draining     Necr           ###.......   7%          3    ###....
c - Animate Dead          Necr           N/A          24%         4    #####..

Your spell library contained the following spells:

 Spells                   Type           Power        Failure   Level  Hunger
 Animate Skeleton         Necr           N/A          2%          1    #......
 Regeneration             Chrm/Necr      ##........   21%         3    ###....


Dungeon Overview and Level Annotations

Branches:
Dungeon (4/15)
 Temple: D:4-7

Altars:

Shops:
D:4 *

Annotations:
D:4 1 runed door


Message History

* * * LOW HITPOINT WARNING * * *
You are lethally poisoned!
The killer bee poisons you!
* * * LOW HITPOINT WARNING * * *
You feel sick.
There is an escape hatch in the ceiling here.
* * * LOW HITPOINT WARNING * * *
You feel sick. The killer bee misses you. The killer bee stings you.
* * * LOW HITPOINT WARNING * * *
A mysterious force pulls you upwards. The hatch slams shut behind you.
* * * LOW HITPOINT WARNING * * *
You feel sick.
Unknown command.
Casting: Pain (safe; 2% risk of failure)
Confirm with . or Enter, or press ? or * to list all spells.
Aiming: Pain (safe; 2% risk of failure)
Press: ? - help, Shift-Dir - straight line, f - killer bee
Aim: a killer bee (chance to defeat MR: 82%)
The killer bee writhes in agony!
You die...

#####.# #.# #.###...#
#....# # #.# #.#
#.(.....# ##...# # #.#
#.########..## ###.# #
#.# #...........# #.#
#####.# #...#.#######
#.# ......####..#.##
####.###
...............#
#.......
##.#######..##.###
#.......
#.##..........y@####
#.......
#.##.####..##.y....#
#....... #.##.#
#..##......######.......
#.##.#
#........<..............
#.##.#
#.###...................
#.##.#
#..........######.##.###
#....# #######.####
#.##.# ###..# #.# #.##.#
#..# #.# #.##.#


You could see 2 killer bees.

Vanquished Creatures
  An orc priest (D:4)
  A worker ant (D:3)
  An adder (D:2)
  2 leopard geckos (D:1)
  2 orcs
  2 giant cockroaches (D:2)
  8 goblins
  14 hobgoblins
  2 jackals (D:1)
  8 kobolds
  4 bats
  6 frilled lizards
  9 rats
60 creatures vanquished.

Notes
Turn   | Place    | Note
-------+----------+-------------------------------------------
     0 | D:1      | Roikka the Human Necromancer began the quest for the Orb.
     0 | D:1      | Reached XP level 1. HP: 13/13 MP: 3/3
   121 | D:1      | Reached XP level 2. HP: 17/19 MP: 0/5
   700 | D:1      | Reached XP level 3. HP: 24/24 MP: 3/6
   738 | D:1      | Learned a level 3 spell: Vampiric Draining
  1537 | D:2      | Reached XP level 4. HP: 28/30 MP: 3/7
  2134 | D:2      | Learned a level 4 spell: Animate Dead
  2957 | D:4      | Found a runed door.
  2977 | D:3      | Reached skill level 5 in Necromancy
  3213 | D:4      | Reached XP level 5. HP: 35/35 MP: 7/9
  3251 | D:4      | Found Bechuuh's Assorted Antiques.
  3320 | D:3      | Succumbed to a killer bee's poison

Vault maps used:
D:1:      shiori_arrival_maze, st_stairs_8
D:2:      kennysheep_big_flooded_room
D:3:      first_ration
D:4:      grunt_qazlal_clouds, serial_shops, nicolae_shop_waterfront,
          ebering_ghost_sewer_f, dk_xom_monty_hall

Skill      XL: |  1  2  3  4  5 |
---------------+----------------+-----
Necromancy     | 5 |  5.2
Dodging        | 3 |  3.0
Fighting       | |  0.4
Stealth        | |  2.0
Spellcasting   | |  2.8

Action                   |  1- 3 |  4- 6 || total
-------------------------+-------+-------++-------
Melee: Mace              |     3 |     1 ||     4
       Long sword        |       |     4 ||     4
 Cast: Pain              |    67 |    42 ||   109
  Use: Scroll            |     2 |     5 ||     7
       Potion            |       |     4 ||     4
  Eat: Chunk             |     3 |     5 ||     8
Armor: Robe              |       |     2 ||     2
Dodge: Dodged            |     8 |    24 ||    32
       Rpst.: Long sword |       |     2 ||     2

Table legend:
 A = Spawn XP
 B = Non-spawn XP
 C = Spawn XP percentage of total XP
 D = Spawn monster count
 E = Non-spawn monster count
 F = Spawn count percentage of total count
 G = Total turns spent on level
                    A         B        C        D         E        F      G
               +---------+---------+-------+---------+---------+-------+---------
         Total |       0 |     185 |   0.0 |       0 |      60 |   0.0 |  3320
               +---------+---------+-------+---------+---------+-------+---------
           D:1 |       0 |      64 |   0.0 |       0 |      37 |   0.0 |  1457
           D:2 |       0 |      28 |   0.0 |       0 |      12 |   0.0 |   909
           D:3 |       0 |      46 |   0.0 |       0 |       8 |   0.0 |   832
           D:4 |       0 |      47 |   0.0 |       0 |       3 |   0.0 |   122
               +---------+---------+-------+---------+---------+-------+---------
